 Dungeon Crawl Stone Soup version 0.29.1-15-g9cfb28693d (webtiles) character file.

Game seed: 1656553490858363297

56 javelincjr the Magician (level 3, 0/24 (26) HPs)
             Began as a Demonspawn Hedge Wizard on Apr 7, 2023.
             Was an Initiate of Qazlal.
             Slain by a necrophage (2 damage)
             ... on level 3 of the Dungeon.
             The game lasted 00:05:26 (2869 turns).

javelincjr the Magician (Demonspawn Hedge Wizard)   Turns: 2869, Time: 00:05:27

HP:   0/24 (26)     AC:  3    Str: 12    XL:     3   Next: 69%
MP:   0/7           EV: 12    Int: 15    God:    Qazlal [......]
Gold: 161           SH:  0    Dex: 12    Spells: 2/8 levels left

rFire   . . .      SeeInvis .   m - +0 whip (drain)
rCold   . . .      Faith    .   (no shield)
rNeg    . . .      Spirit   .   b - +0 robe
rPois   .          Reflect  .   c - +0 hat
rElec   .          Harm     .   (no cloak)
rCorr   .          Rampage  .   (no gloves)
Will    .....                   p - +0 pair of boots
Stlth   ++........              (no amulet)
HPRegen 0.08/turn               (no ring)
MPRegen 0.10/turn               (no ring)

@: very slightly contaminated, drained
A: horns 1
a: Renounce Religion


You were on level 3 of the Dungeon.
You worshipped Qazlal.
Qazlal was noncommittal.
You visited 1 branch of the dungeon, and saw 3 of its levels.

You collected 161 gold pieces.

Inventory:

Hand Weapons
 a - a +0 dagger
 m - a +0 whip of draining (weapon)
Armour
 b - a +0 robe (worn)
 c - a +0 hat (worn)
 p - a +0 pair of boots (worn)
Jewellery
 g - a +4 ring of protection
Scrolls
 e - 3 scrolls of amnesia {unknown}
 i - 4 scrolls of teleportation {unknown}
 j - a scroll of vulnerability {unknown}
 k - a scroll of noise {unknown}
 n - 3 scrolls of identify {unknown}
 o - a scroll of fear {unknown}
Potions
 d - a potion of magic
 f - a potion of brilliance {unknown}
 h - 2 potions of curing {unknown}
 l - a potion of heal wounds {unknown}


   Skills:
 * Level 1.5 Fighting
 + Level 0.5 Armour
 + Level 2.1 Dodging
 - Level 1.7 Stealth
 * Level 3.4 Spellcasting
 + Level 1.4 Conjurations
 + Level 1.3 Summonings
 + Level 1.2 Translocations


You had 2 spell levels left.
You knew the following spells:

 Your Spells              Type           Power      Damage    Failure   Level
a - Magic Dart            Conj           24%        1d4       11%         1
b - Call Imp              Summ           6%         N/A       17%         2
c - Sandblast             Erth           4%         2d4       19%         1
d - Blink                 Tloc           12%        N/A       19%         2

Your spell library contained the following spells:

 Spells                   Type           Power      Damage    Failure   Level
 Slow                     Hex            8%         N/A       19%         1
 Passwall                 Tmut/Erth      1%         N/A       28%         2
 Conjure Flame            Conj/Fire      4%         6-21      41%         3
 Stone Arrow              Conj/Erth      8%         3d7       41%         3
 Mephitic Cloud           Conj/Pois/Air  3%         N/A       43%         3


Dungeon Overview and Level Annotations

Branches:
Dungeon (3/15)

Altars:
Kikubaaqudgha
Qazlal
Sif Muna
Xom


Innate Abilities, Weirdness & Mutations

You have a pair of small horns on your head.


Message History

The necrophage hits you.
Your white imp gestures at the necrophage.
The puff of frost hits the necrophage.
The necrophage resists.
The necrophage hits your white imp.
Casting: Sandblast (safe; 19% risk of failure)
Confirm with . or Enter, or press ? or * to list all spells.
Aiming: Sandblast (safe; 19% risk of failure)
Press: ? - help, Shift-Dir - straight line, f/p - necrophage
Aim: a necrophage (severely damaged, not watching you, ally target, 81% to hit)
The blast of sand hits the necrophage.
The necrophage is almost destroyed.
Your white imp closely misses the necrophage.
The necrophage hits you but does no damage.
Your white imp hits the necrophage but does no damage.
Casting: Sandblast (safe; 19% risk of failure)
Confirm with . or Enter, or press ? or * to list all spells.
Aiming: Sandblast (safe; 19% risk of failure)
Press: ? - help, Shift-Dir - straight line, f/p - necrophage
Aim: a necrophage (almost destroyed, not watching you, ally target, 81% to hit)
You miscast Sandblast.
You are very lightly contaminated with residual magic.
Nothing appears to happen.
The necrophage hits your white imp but does no damage.
Your white imp barely misses the necrophage.
Casting: Sandblast (safe; 19% risk of failure)
Confirm with . or Enter, or press ? or * to list all spells.
Aiming: Sandblast (safe; 19% risk of failure)
Press: ? - help, Shift-Dir - straight line, f/p - necrophage
Aim: a necrophage (almost destroyed, not watching you, ally target, 81% to hit)
The blast of sand misses the necrophage.
The necrophage hits your white imp!
Your white imp dies!
Your white imp disappears in a puff of smoke!
The necrophage hits you.
You feel drained.
You closely miss the necrophage.
The necrophage is almost destroyed.
The necrophage hits you!
* * * LOW HITPOINT WARNING * * *
You feel drained.
You die...

#.#
#.###.#####.##
#...#.
#.###.###.# #.#
#####.
#.........# #.#
#. #####.##.##
#'# #. #.##.#
... #. #.##.#
... #. ####.##
... #. #⌠.⌠#
####. ##@##
+....
#_......n...._#
####.
##...##§##...##
## ##8 ### 8##
# # # #+# #.#
#. #.#
#.######.######


You could see a necrophage.

Vanquished Creatures
  2 adders
  5 ball pythons
  4 bats
  2 endoplasms
  A giant cockroach (D:2)
  3 goblins (D:1)
  3 hobgoblins
  7 kobolds
  A frilled lizard (D:2)
  5 rats
33 creatures vanquished.

Notes
Turn   | Place    | Note
-------+----------+-------------------------------------------
     0 | D:1      | javelincjr the Demonspawn Hedge Wizard began the quest for
                  | the Orb.
     0 | D:1      | Reached XP level 1. HP: 13/13 MP: 4/4
   165 | D:1      | Reached skill level 1 in Translocations
   307 | D:1      | Gained mutation: You have a pair of small horns on your
                  | head. [demonic ancestry]
   307 | D:1      | Reached XP level 2. HP: 17/20 MP: 6/6
   539 | D:1      | Found a faded altar of an unknown god.
   540 | D:1      | Noticed an eye of devastation
   542 | D:1      | Noticed a shining eye
   542 | D:1      | Noticed a great orb of eyes
   542 | D:1      | Noticed a floating eye
   551 | D:1      | Prayed at the altar of an unknown god.
   551 | D:1      | Became a worshipper of The Xom-Meister
   603 | D:1      | You fall into a shaft and drop 1 floor!
   642 | D:2      | Reached skill level 1 in Fighting
   855 | D:2      | XOM: silly message
  1428 | D:2      | XOM: silly message
  1554 | D:2      | XOM: silly message
  1682 | D:2      | Found a stormy altar of Qazlal.
  1688 | D:2      | Fell from the grace of Xom
  1688 | D:2      | Became a worshipper of Qazlal Stormbringer
  1744 | D:2      | Reached XP level 3. HP: 23/26 MP: 7/7
  1831 | D:2      | XOM: noise
  2849 | D:3      | Found a shimmering blue altar of Sif Muna.
  2849 | D:3      | Found an ancient bone altar of Kikubaaqudgha.
  2849 | D:3      | Noticed a necrophage
  2854 | D:3      | Learned a level 2 spell: Call Imp
  2856 | D:3      | Learned a level 1 spell: Sandblast
  2859 | D:3      | Learned a level 2 spell: Blink
  2869 | D:3      | Slain by a necrophage

Illustrated notes

Levels and vault maps discovered:
D:1:      nzn_arrival_settlement, layout_loops_ring,
          hellmonk_ecumenical_altar_watching_god
D:2:      layout_basic, basic_altar
D:3:      layout_loops_corners, gammafunk_temple_overflow_forgotten,
          amethyst_overflow_temple_binary, nzn_hepliaklqana_mist_gate,
          mainiacjoe_overflow_boulevard, grunt_decor_mini_mirrors, fountainhead

Skill      XL: |  1  2 |
---------------+-------+-----
Translocations | 1 |  1.2
Fighting       | 1 |  1.5
Dodging        | 2 |  2.1
Armour         | |  0.5
Stealth        | |  1.7
Spellcasting   | |  3.4
Conjurations   | |  1.4
Summonings     | |  1.3

Action                   || total
-------------------------++-------
Melee: Dagger            ||    26
       Whip              ||    46
       Headbutt          ||    11
 Cast: Magic Dart        ||    33
       Sandblast         ||     5
       Call Imp          ||     1
Armor: Robe              ||    14
Dodge: Dodged            ||    55
